 Dungeon Crawl Stone Soup version 0.25-a0-713-g4845790874 (webtiles) character file.

Game seed: 7655201657708014329, levelgen mode: deterministic

172 Brecoman the Ruffian (level 5, -1/40 HPs)
             Began as a Draconian Transmuter on Apr 4, 2020.
             Was a Follower of Uskayaw.
             Killed by divine providence
             ... invoked by an orc priest
              (8 damage)
             ... on level 4 of the Dungeon.
             The game lasted 00:10:33 (3680 turns).

Brecoman the Ruffian (Draconian Transmuter)         Turns: 3680, Time: 00:10:33

Health: -1/40      AC:  8    Str: 13    XL:     5   Next: 27%
Magic:  9/9        EV: 15    Int: 14    God:    Uskayaw [*.....]
Gold:   151        SH:  0    Dex: 11    Spells: 7/10 levels left

rFire    . . .     SeeInvis .     - Unarmed
rCold    . . .     Gourm    .   (no shield)
rNeg     . . .     Faith    .   (armour unavailable)
rPois    +         Spirit   .   (helmet restricted)
rElec    .         Reflect  .   (no cloak)
rCorr    .         Harm     .   i - +1 pair of gloves
MR       .....                  f - +0 pair of boots
Stlth    +.........             (no amulet)
HPRegen  0.13/turn              j - +3 ring of evasion
MPRegen  0.11/turn              A - ring of poison resistance

@: no status effects
A: unfitting armour, cold-blooded, AC +5
a: Stomp, Renounce Religion


You were on level 4 of the Dungeon.
You worshipped Uskayaw.
Uskayaw was noncommittal.
You were not hungry.

You visited 1 branch of the dungeon, and saw 4 of its levels.

You collected 151 gold pieces.

Inventory:

Hand Weapons
 a - a +0 hunting sling
Missiles
 g - 84 stones (quivered)
 p - 15 arrows
Armour
 f - a +0 pair of boots (worn)
 i - a +1 pair of gloves (worn)
Jewellery
 j - a +3 ring of evasion (left hand)
 A - a ring of poison resistance (right hand)
Wands
 y - a wand of clouds (3)
Scrolls
 b - a scroll of blinking {unknown}
 e - 3 scrolls of remove curse {unknown}
 h - a scroll of identify {unknown}
 k - a scroll of magic mapping {unknown}
 l - a scroll of fog {unknown}
 n - 3 scrolls of teleportation {unknown}
 q - a scroll of enchant armour {unknown}
 s - a scroll of noise {unknown}
 v - a scroll of immolation {unknown}
 x - a scroll of amnesia {unknown}
Potions
 d - 2 potions of magic {unknown}
 m - a potion of invisibility {unknown}
 o - a potion of stabbing {unknown}
 r - 2 potions of might {unknown}
 u - a potion of heal wounds {unknown}
 w - a potion of ambrosia {unknown}
 z - a potion of flight {unknown}
Comestibles
 c - 7 rations


   Skills:
 - Level 1.1 Fighting
 - Level 1.7 Dodging
 + Level 3.9 Unarmed Combat
 + Level 3.1 Spellcasting
 * Level 3.7 Transmutations
 + Level 1.4 Invocations


You had 7 spell levels left.
You knew the following spells:

 Your Spells              Type           Power        Failure   Level  Hunger
a - Beastly Appendage     Tmut           ##....       4%          1    #......
b - Sticks to Snakes      Tmut           ##......     7%          2    ##.....

Your spell library contained the following spells:

 Spells                   Type           Power        Failure   Level  Hunger
 Spider Form              Tmut/Pois      #.........   28%         3    ###....
 Ice Form                 Ice/Tmut       #.......     67%         4    #####..
 Blade Hands              Tmut           ##........   77%         5    ######.


Dungeon Overview and Level Annotations

Branches:
Dungeon (4/15)
 Temple: D:4-7

Altars:
Ashenzari
Dithmenos
Fedhas
Hepliaklqana
Okawaru
Trog
Uskayaw
Vehumet
Xom


Innate Abilities, Weirdness & Mutations

Your plain brown scales are hard. (AC +5)
You cannot fit into any form of body armour.
You are cold-blooded and may be slowed by cold attacks.


Message History

All of the chunks of flesh in your inventory have rotted away.
There is an open door here.
The hound closely misses you. The hound misses you.
You open the door. The hound barely misses you.
The hound completely misses you.
There is an open door here.
The hound barely misses you.
Okay, then.
The hound bites you but does no damage. The hound bites you but does no damage.
The orc throws a stone.
The stone misses you.
The orc throws a stone.
The stone barely misses you. The hound bites you but does no damage.
You see here a stone.
The orc priest miscasts a cantrip.
The hound completely misses you.
The orc priest mumbles some strange prayers to Beogh against you.
Beogh smites you!
You die...

....###############+#
.........#..##..##..#
#.....'...#..'...##
#.....#...#..#<...#
#.....#...'..#....# .
#.....#..######'### ..
#.....#########..##...
#.....#.....#.........
#...)@#.....#....####+
#...(h#....<'....#
#.....############
#.....(...#####..#
#.........#..'...#
######....#..#...###+#
#..o.#.o#...o(...
#.o..#..#......o(
#....##'########.


You could see a hound and an orc priest.

Vanquished Creatures
  A centaur skeleton (D:4)
  Terence (D:2)
  3 adders
  An ooze (D:1)
  A worm (D:2)
  A dart slug (D:1)
  3 leopard geckos
  5 orcs
  3 giant cockroaches
  6 goblins
  10 hobgoblins
  3 jackals (D:3)
  A quokka (D:2)
  7 bats
  10 frilled lizards
  13 kobolds
  9 rats
78 creatures vanquished.

Vanquished Creatures (collateral kills)
  2 bats (D:2)
2 creatures vanquished.

Grand Total: 80 creatures vanquished

Notes
Turn   | Place    | Note
-------+----------+-------------------------------------------
     0 | D:1      | Brecoman the Draconian Transmuter began the quest for the
                  | Orb.
     0 | D:1      | Reached XP level 1. HP: 16/16 MP: 3/3
   162 | D:1      | Reached XP level 2. HP: 5/23 MP: 3/5
   649 | D:1      | Reached XP level 3. HP: 28/28 MP: 4/6
  1468 | D:2      | Learned a level 2 spell: Sticks to Snakes
  1548 | D:2      | Found a radiant altar of Vehumet.
  1558 | D:2      | Noticed Terence
  1932 | D:2      | Found a hazy altar of Hepliaklqana.
  1932 | D:2      | Found an iron altar of Okawaru.
  2055 | D:2      | Found a hide-covered altar of Uskayaw.
  2055 | D:2      | Found a bloodstained altar of Trog.
  2065 | D:2      | Became a worshipper of Uskayaw the Reveler
  2114 | D:2      | Reached XP level 4. HP: 35/35 MP: 6/8
  2114 | D:2      | Reached * piety under Uskayaw
  2236 | D:2      | Killed Terence
  2571 | D:3      | Reached ** piety under Uskayaw
  2782 | D:3      | Found a shimmering altar of Xom.
  2871 | D:3      | Reached skill level 1 in Invocations
  3059 | D:3      | Found a blossoming altar of Fedhas.
  3406 | D:4      | Reached XP level 5. HP: 36/40 MP: 7/9
  3488 | D:4      | Found a shadowy altar of Dithmenos.
  3544 | D:4      | Found a shattered altar of Ashenzari.
  3680 | D:4      | Killed from afar by an orc priest

Levels and vault maps discovered:
D:1:      minmay_arrival_glassed_features, layout_basic, minmay_ruptured
D:2:      layout_loops_cross, chequers_temple_overflow_statue_of_worship,
          vehumet_crystals, first_ration, uniq_terence
D:3:      layout_loops_ring, xom_teletrap_fun, fedhas_altar_3,
          minmay_misc_feat_hallway, kennysheep_generic_room_3
D:4:      layout_gridville, cheibrodos_ashenzari_chains,
          nicolae_tso_besieged_by_evil, nicolae_dithmenos_the_darkroom

Skill      XL: |  1  2  3  4 |
---------------+-------------+-----
Transmutations | 3 |  3.7
Spellcasting   | 3 |  3.1
Invocations    | 1 |  1.4
Fighting       | |  1.1
Dodging        | |  1.7
Unarmed Combat | |  3.9

Action                   |  1- 3 |  4- 6 || total
-------------------------+-------+-------++-------
Melee: Unarmed           |   150 |   141 ||   291
       Headbutt          |    21 |    17 ||    38
       Tailslap          |    14 |    10 ||    24
       Kick              |     2 |       ||     2
       Punch             |     2 |     1 ||     3
 Fire: Hunting sling     |     4 |       ||     4
 Cast: Beastly Appendage |    24 |    19 ||    43
       Sticks to Snakes  |     8 |     3 ||    11
Invok: Stomp             |       |     1 ||     1
 Stab: Sleeping          |       |     2 ||     2
  Eat: Chunk             |     5 |     5 ||    10
Armor: Skin              |    42 |    51 ||    93
Dodge: Dodged            |   101 |   116 ||   217

Table legend:
 A = Non-vault XP
 B = Vault XP
 C = Vault XP percentage of total XP
 D = Non-vault monster count
 E = Vault monster count
 F = Vault count percentage of total count
                 A         B        C        D         E       F
            +---------+---------+-------+---------+---------+-------
      Total |     206 |      40 |  16.3 |      75 |       5 |   6.2
            +---------+---------+-------+---------+---------+-------
        D:1 |      47 |       5 |   9.6 |      26 |       3 |  10.3
        D:2 |      49 |      34 |  41.0 |      16 |       1 |   5.9
        D:3 |      55 |       1 |   1.8 |      27 |       1 |   3.6
        D:4 |      55 |       0 |   0.0 |       6 |       0 |   0.0
            +---------+---------+-------+---------+---------+-------
